 Dungeon Crawl Stone Soup version 0.22.1-6-g1668fe2 (webtiles) character file.

198 Gingerlord the Charlatan (level 6, 0/58 HPs)
             Began as a Halfling Artificer on Jan 26, 2019.
             Slain by an adder (4 damage)
             ... on level 5 of the Dungeon.
             The game lasted 00:06:52 (3147 turns).

Gingerlord the Charlatan (Halfling Artificer)       Turns: 3147, Time: 00:06:53

Health: 0/58       AC:  7    Str: 20    XL:     6   Next: 5%
Magic:  8/8        EV: 15    Int:  9    God:
Gold:   203        SH:  0    Dex: 15    Spells: 5/5 levels left

rFire    . . .     SeeInvis .   a - +0 short sword
rCold    . . .     Gourm    .   (shield restricted)
rNeg     . . .     Faith    .   p - +0 ring mail
rPois    .         Spirit   .   q - +1 helmet
rElec    .         Reflect  .   (no cloak)
rCorr    .         Harm     .   (no gloves)
MR       .....                  (no boots)
Stlth    ..........             (no amulet)
HPRegen  0.19/turn              (no ring)
MPRegen  0.11/turn              (no ring)

@: berserking, very slightly contaminated, hasted, drained, very quick
A: small, mutation resistance 1
a: no special abilities


You were on level 5 of the Dungeon.
You were not hungry.

You visited 1 branch of the dungeon, and saw 5 of its levels.

You collected 203 gold pieces.

Inventory:

Hand Weapons
 a - a +0 short sword (weapon)
Armour
 p - a +0 ring mail (worn)
 q - a +1 helmet (worn)
Wands
 d - a wand of enslavement (14)
 e - a wand of random effects (5)
Scrolls
 b - a scroll of remove curse
 i - a scroll of noise {unknown}
 j - a scroll of magic mapping
 m - a scroll of identify {unknown}
 n - 2 scrolls of teleportation {unknown}
Potions
 o - a potion of mutation {unknown}
Comestibles
 c - a chunk of flesh
 f - 2 rations


   Skills:
 + Level 2.2(1.9) Fighting
 + Level 3.0(2.7) Short Blades
 + Level 2.3(2.1) Armour
 + Level 3.4(3.1) Dodging
 - Level 1.1(0.8) Stealth
 + Level 3.8(3.5) Evocations


You had 5 spell levels left.
You didn't know any spells.
Your spell library was empty.

Dungeon Overview and Level Annotations

Branches:
Dungeon (5/15)
 Temple: D:4-7

Altars:
Cheibriados
Nemelex Xobeh


Innate Abilities, Weirdness & Mutations

You are small and have problems with some larger weapons.
You are somewhat resistant to further mutation.


Message History

The quokka bites you but does no damage.
The quokka twitches its whiskers.
Found a scroll labeled LABORGH ANAMONAIZ.
The centaur shoots an arrow.
The arrow hits you!
* * * LOW HITPOINT WARNING * * *
The centaur shoots an arrow.
The arrow hits you but does no damage. The quokka closely misses you.
You see here an arrow.
An adder comes into view.
A hound comes into view.
Okay, then.
It was a potion of haste.
You feel yourself speed up.
The hound barks!
You hear an angry hiss.
You hear a shout! x2
The quokka bites you.
* * * LOW HITPOINT WARNING * * *
An orc wizard comes into view. It is wielding a dagger.
It was a potion of berserk rage.
A red film seems to cover your vision as you go berserk!
You feel yourself moving faster!
You feel mighty! The quokka closely misses you. The adder bites you.
You die...

.............###..
........<...c.c...
.....%....(..##..
#......#.c........
#.................
#.................
#......(##.#......
###..##r##........
......h@##........
##..##.S##........
#. #... .....?. #
..... .... .......
#........
#.........
...o.......


You could see a centaur, a hound, an orc wizard, an adder and a quokka.

Vanquished Creatures
  A worker ant (D:2)
  An iguana (D:4)
  Robin (D:2)
  3 adders
  3 gnolls (D:4)
  3 oozes
  A worm (D:2)
  4 dart slugs
  A leopard gecko (D:3)
  13 goblins
  11 hobgoblins
  A kobold (D:3)
  A ball python (D:1)
  4 bats
  5 frilled lizards
  6 rats
59 creatures vanquished.

Vanquished Creatures (others)
  A jackal (D:4)
1 creature vanquished.

Grand Total: 60 creatures vanquished

Notes
Turn   | Place    | Note
-------+----------+-------------------------------------------
     0 | D:1      | Gingerlord the Halfling Artificer began the quest for the
                  | Orb.
     0 | D:1      | Reached XP level 1. HP: 12/12 MP: 3/3
    43 | D:1      | Reached skill level 1 in Fighting
    48 | D:1      | Reached XP level 2. HP: 2/18 MP: 4/4
   634 | D:1      | Reached XP level 3. HP: 23/23 MP: 5/5
   727 | D:1      | Reached skill level 1 in Armour
  1096 | D:2      | Reached XP level 4. HP: 13/28 MP: 6/6
  1534 | D:2      | Noticed Robin
  1694 | D:2      | Killed Robin
  1694 | D:2      | Reached XP level 5. HP: 10/34 MP: 7/7
  2312 | D:3      | Found a sparkling altar of Nemelex Xobeh.
  2606 | D:3      | Found a snail-covered altar of Cheibriados.
  2971 | D:4      | Reached XP level 6. HP: 27/39 MP: 8/8
  3124 | D:5      | Entered Level 5 of the Dungeon
  3137 | D:5      | HP: 1/39 [centaur/arrow (10)]
  3147 | D:5      | Slain by an adder

Skill      XL: |  1  2  3  4  5 |
---------------+----------------+-----
Fighting       | 1 2 |  2.2
Armour         | 1 2 |  2.3
Short Blades   | 2 3 |  3.0
Dodging        | 3 |  3.4
Stealth        | |  1.1
Evocations     | |  3.8

Action                   |  1- 3 |  4- 6 || total
-------------------------+-------+-------++-------
Melee: Short sword       |    93 |   181 ||   274
Evoke: Wand              |     7 |    19 ||    26
  Use: Potion            |       |     5 ||     5
       Scroll            |       |     4 ||     4
 Stab: Paralysed         |     2 |       ||     2
       Sleeping          |     2 |     1 ||     3
  Eat: Chunk             |       |     7 ||     7
Armor: Leather armour    |    16 |    20 ||    36
       Ring mail         |       |    14 ||    14
Dodge: Dodged            |    68 |   142 ||   210
